 Dungeon Crawl Stone Soup version 0.29.1-12-g30fa7ad0bf (webtiles) character file.

Game seed: 15284632581809481785

9 rakiston the Chopper (level 2, 0/27 HPs)
             Began as a Minotaur Berserker on Dec 21, 2022.
             Was a Follower of Trog.
             Slain by a gnoll
             ... wielding a +0 spear
              (8 damage)
             ... on level 1 of the Dungeon.
             The game lasted 00:01:25 (148 turns).

rakiston the Chopper (Minotaur Berserker)            Turns: 148, Time: 00:01:26

Health: 0/27       AC:  3    Str: 21    XL:     2   Next: 6%
Magic:  1/1        EV: 12    Int:  4    God:    Trog [*.....]
Gold:   8          SH:  0    Dex:  9    Spells: 1/1 levels left

rFire   . . .      SeeInvis .   a - +0 hand axe
rCold   . . .      Faith    .   (no shield)
rNeg    . . .      Spirit   .   b - +0 animal skin
rPois   .          Reflect  .   (helmet restricted)
rElec   .          Harm     .   (no cloak)
rCorr   .          Rampage  .   e - +0 pair of gloves
Will    .....                   (no boots)
Stlth   +.........              (no amulet)
HPRegen 0.09/turn               (no ring)
MPRegen 0.07/turn               (no ring)

@: no status effects
A: horns 2, retaliatory headbutt
a: Renounce Religion, Berserk


You were on level 1 of the Dungeon.
You worshipped Trog.
Trog was aware of your devotion.
You visited 1 branch of the dungeon, and saw 1 of its levels.

You collected 8 gold pieces.

Inventory:

Hand Weapons
 a - a +0 hand axe (weapon)
Armour
 b - a +0 animal skin (worn)
 c - an orb of guile
 e - a +0 pair of gloves (worn)
Potions
 d - a potion of heal wounds {unknown}


   Skills:
 + Level 3.9 Fighting
 + Level 4.0 Axes
 + Level 2.5 Armour
 + Level 2.2 Dodging


You had one spell level left.
You didn't know any spells.
Your spell library was empty.

Dungeon Overview and Level Annotations

Branches:
Dungeon (1/15)

Altars:


Innate Abilities, Weirdness & Mutations

You have a pair of horns on your head.
You reflexively headbutt those who attack you in melee.


Message History

You have reached level 2!
Things that are here:
a +0 club; a goblin corpse
Found a pair of gloves.
A hobgoblin comes into view.
You hit the hobgoblin.
The hobgoblin is heavily wounded.
The hobgoblin barely misses you.
You hit the hobgoblin.
The hobgoblin is almost dead.
The hobgoblin hits you.
You hit the hobgoblin.
You kill the hobgoblin!
Trog accepts your kill.
Your Axes skill increases to level 4!
Things that are here:
a +0 pair of gloves; a hobgoblin corpse
e - a +0 pair of gloves You start putting on your armour.
You continue putting on your +0 pair of gloves. x4
You finish putting on your +0 pair of gloves.
A hobgoblin and a gnoll come into view.
The gnoll shouts!
The hobgoblin shouts!
You barely miss the hobgoblin. Your headbutt misses the hobgoblin.
A rat comes into view.
The gnoll hits you from afar with a +0 spear!
The hobgoblin hits you but does no damage.
You barely miss the hobgoblin. The gnoll barely misses you.
The hobgoblin barely misses you.
You hit the hobgoblin but do no damage. Your headbutt misses the hobgoblin.
The gnoll closely misses you.
The hobgoblin hits you but does no damage.
You barely miss the hobgoblin. The hobgoblin hits you.
The gnoll hits you from afar with a +0 spear.
You closely miss the hobgoblin. The hobgoblin closely misses you.
The gnoll hits you from afar with a +0 spear.
The hobgoblin hits you.
* * * LOW HITPOINT WARNING * * *
The gnoll hits you from afar with a +0 spear!
You die...

.....##...
.........#
..........
.........#
.........#
.....g...#
.........#
.....rg@.# #.#
..... ..######.#
#.# .... #.# #.#
... #.# #.# ..
#.# #.# #. #.#
#.# #. #.# #.# #.
#.# #.########.
#.#####..........


You could see a gnoll, a hobgoblin and a rat.

Vanquished Creatures
  An endoplasm (D:1)
  2 goblins (D:1)
  2 hobgoblins (D:1)
  A ball python (D:1)
  2 frilled lizards (D:1)
  A kobold (D:1)
9 creatures vanquished.

Notes
Turn   | Place    | Note
-------+----------+-------------------------------------------
     0 | D:1      | rakiston the Minotaur Berserker began the quest for the
                  | Orb.
     0 | D:1      | Reached XP level 1. HP: 19/19 MP: 0/0
   102 | D:1      | Reached XP level 2. HP: 27/27 MP: 1/1
   113 | D:1      | Reached skill level 4 in Axes
   148 | D:1      | Slain by a gnoll

Illustrated notes

Levels and vault maps discovered:
D:1:      dpeg_arrival_simpleton_c, layout_basic,
          dilly_ecumenical_altar_fadedgnrine

Skill      XL: |  1  2 |
---------------+-------+-----
Axes           | 4 |  4.0
Fighting       | |  3.9
Armour         | |  2.5
Dodging        | |  2.2

Action                   || total
-------------------------++-------
Melee: Hand axe          ||    18
       Headbutt          ||     3
Armor: Animal skin       ||     2
Dodge: Dodged            ||    10
